 Dungeon Crawl Stone Soup version 0.27-a0-1065-ge809cff456 (webtiles) character file.

Game seed: 3937552942747885512

0 flotson the Covert (level 1, -1/23 HPs)
             Began as a Gnoll Delver on Apr 23, 2021.
             Succumbed to an adder's poison
             ... on level 4 of the Dungeon.
             The game lasted 00:01:11 (210 turns).

flotson the Covert (Gnoll Delver)                    Turns: 210, Time: 00:01:12

Health: -1/23      AC:  3    Str: 11    XL:     1   Next: 10%
Magic:  1/1        EV: 14    Int:  9    God:
Gold:   0          SH:  0    Dex: 19    Spells: 0/0 levels left

rFire    . . .     SeeInvis .   a - +0 spear
rCold    . . .     Faith    .   (no shield)
rNeg     . . .     Spirit   .   b - +0 leather armour
rPois    .         Reflect  .   (no helmet)
rElec    .         Harm     .   (no cloak)
rCorr    .         Rampage  .   (no gloves)
Will     .....                  (no boots)
Stlth    ++........             (no amulet)
HPRegen  0.07/turn              h - +6 ring of dexterity
MPRegen  0.07/turn              (no ring)

@: lethally poisoned (-1 -> -6), very slow
A: fangs 1, strong nose, distributed training
a: no special abilities


You were on level 4 of the Dungeon.
You visited 1 branch of the dungeon, and saw 2 of its levels.

Inventory:

Hand Weapons
 a - a +0 spear (weapon)
Armour
 b - a +0 leather armour (worn)
 d - a +0 scale mail
Jewellery
 h - a +6 ring of dexterity (left hand)
Wands
 g - a wand of digging (3)
Scrolls
 c - a scroll of fog
 e - a scroll of fear
 f - a scroll of vulnerability {unknown}


   Skills:
 + Level 6.4 Fighting
 + Level 0.0 Short Blades
 + Level 0.0 Long Blades
 + Level 0.0 Axes
 + Level 0.0 Maces & Flails
 + Level 4.4 Polearms
 + Level 0.0 Staves
 + Level 0.0 Slings
 + Level 0.0 Bows
 + Level 0.0 Crossbows
 + Level 0.0 Throwing
 + Level 0.0 Armour
 + Level 4.4 Dodging
 + Level 9.5 Stealth
 + Level 0.0 Shields
 + Level 0.0 Unarmed Combat
 + Level 0.0 Spellcasting
 + Level 0.0 Conjurations
 + Level 0.0 Hexes
 + Level 0.0 Summonings
 + Level 0.0 Necromancy
 + Level 0.0 Translocations
 + Level 0.0 Transmutations
 + Level 0.0 Fire Magic
 + Level 0.0 Ice Magic
 + Level 0.0 Air Magic
 + Level 0.0 Earth Magic
 + Level 0.0 Poison Magic
 + Level 0.0 Invocations
 + Level 0.0 Evocations


You couldn't memorise any spells.
You didn't know any spells.
Your spell library was empty.

Dungeon Overview and Level Annotations

Branches:
Dungeon (5/15)             Temple (0/1) D:4

Altars:

Portals:
Sewer: D:4

Annotations:
D:4 Sigmund


Innate Abilities, Weirdness & Mutations

You have very sharp teeth.
Your uncanny sense of smell can sniff out nearby items.
Your experience applies equally to all skills.


Message History

The adder bites you.
The ball python hisses angrily.
You hit the ball python.
You kill the ball python!
The ball python bites you but does no damage.
The ball python closely misses you. The adder closely misses you.
The phantom completely misses you. The adder barely misses you.
The ball python closely misses you. x2
The ball python barely misses you. The ball python closely misses you.
The giant cockroach completely misses you.
You enter the shallow water.
Moving in this stuff is going to be slow.
The giant cockroach closely misses you.
The giant cockroach bites you but does no damage.
The adder closely misses you. The giant cockroach bites you.
The adder bites you.
The giant cockroach splashes around in the water.
The ball python closely misses you. x2
You open the door.
A rat and a giant cockroach come into view.
The adder bites you.
* * * LOW HITPOINT WARNING * * *
You are lethally poisoned!
The adder poisons you! The giant cockroach closely misses you.
The ball python barely misses you. The ball python completely misses you.
The ball python bites you.
* * * LOW HITPOINT WARNING * * *
The ball python misses you. The adder bites you.
* * * LOW HITPOINT WARNING * * *
Found a glowing drain.
* * * LOW HITPOINT WARNING * * *
You feel sick. The ball python barely misses you.
The ball python closely misses you. The giant cockroach closely misses you.
The ball python bites you but does no damage.
The ball python grabs you. The ball python constricts you.
There is an open door here.
You aren't carrying any potions.
You escape the ball python's grasp.
You enter the shallow water.
Moving in this stuff is going to be slow.
You die...

#########.#
# #.## #
#..#########
#
##.........#
#.....).≈≈#
#.....SB≈≈#
#...≈≈SBS≈#
##..≈≈#'###
#.≈≈≈#@B≈#
#.≈≈≈+≈∩≈#
#.≈≈≈#≈r≈#
##########


You could see an adder, 3 giant cockroaches, 2 ball pythons and a rat (asleep).

Vanquished Creatures
  A ball python (D:4)
1 creature vanquished.

Notes
Turn   | Place    | Note
-------+----------+-------------------------------------------
     0 | D:5      | Reached skill level 9 in Stealth
     0 | D:5      | flotson the Gnoll Delver began the quest for the Orb.
     0 | D:5      | Reached XP level 1. HP: 23/23 MP: 1/1
     4 | D:5      | Noticed a water moccasin zombie
   106 | D:4      | Noticed a phantom
   128 | D:4      | Noticed a phantom
   141 | D:4      | Noticed Sigmund
   208 | D:4      | Found a glowing drain.
   209 | D:4      | HP: 1/23 [poisoned by an adder]
   210 | D:4      | Succumbed to an adder's poison

Illustrated notes

Levels and vault maps discovered:
D:4:      layout_basic, minmay_temple_entry_overgrown, portal_sewer_entry_e,
          kennysheep_windowed_goal, uniq_ijyb, uniq_menkaure, uniq_sigmund
D:5:      layout_basic, kennysheep_little_box, nicolae_tso_swordbearing_angel,
          nicolae_ru_the_path_less_chosen, minmay_crystal_room

Skill      XL: | |
---------------+-+-----
Stealth        | |  9.5
Fighting       | |  6.4
Polearms       | |  4.4
Dodging        | |  4.4

Action                   || total
-------------------------++-------
Melee: Spear             ||     1
  Use: Scroll            ||     1
       Potion            ||     1
Armor: Leather armour    ||     4
Dodge: Dodged            ||    22

Table legend: (Time is in decaauts)
 A = Elapsed time spent in this place.
 B = Non-inter-level travel time spent in this place.
 C = Inter-level travel time spent in this place.
 D = Time resting spent in this place.
 E = Time spent auto-exploring this place.
 F = Levels seen in this place.
 G = Mean time per level.
                   A        B        C        D        E       F      G
               +--------+--------+--------+--------+--------+-----+--------+
         Total |    191 |    191 |      0 |      0 |     58 |   2 |   95.5 |
       Dungeon |    191 |    191 |      0 |      0 |     58 |   2 |   95.5 |
               +--------+--------+--------+--------+--------+-----+--------+

Top non-repeatable levels by time:
     D:4: 160 daAuts
     D:5: 30 daAuts
